 Dungeon Crawl Stone Soup version 0.25-a0-55-g0753fd1ad2 (webtiles) character file.

Game seed: 6377292278112546291, levelgen mode: deterministic

54 Tag the Sneak (level 3, -1/16 HPs)
             Began as a Vampire Assassin on Oct 25, 2019.
             Slain by a worm (5 damage)
             ... on level 2 of the Dungeon.
             The game lasted 00:13:47 (715 turns).

Tag the Sneak (Vampire Assassin)                     Turns: 715, Time: 00:13:47

Health: -1/16      AC:  6    Str: 10    XL:     3   Next: 66%
Magic:  3/3        EV: 12    Int: 13    God:
Gold:   83         SH:  0    Dex: 16    Spells: 2/2 levels left

rFire    . . .     SeeInvis +   a - +4 dagger
rCold    + + .     Gourm    .   (no shield)
rNeg     + + +     Faith    .   b - +0 robe
rPois    ∞         Spirit   .   (helmet restricted)
rElec    .         Reflect  .   c - +1 cloak
rCorr    .         Harm     .   (no gloves)
MR       .....                  (no boots)
Stlth    ++++++....             (no amulet)
HPRegen  0.00/turn              g - ring of see invisible
MPRegen  0.08/turn              (no ring)

@: bloodless, regenerating quickly
A: no food, fangs 3, horns 1, thin metallic scales 1, see invisible, frail
1[+1], unbreathing
a: Bat Form, Revivify


You were on level 2 of the Dungeon.
You were bloodless.

You visited 1 branch of the dungeon, and saw 2 of its levels.

You collected 83 gold pieces.

Inventory:

Hand Weapons
 a - a +4 dagger (weapon)
Missiles
 d - 8 poisoned darts (quivered)
 e - 2 curare-tipped darts
Armour
 b - a +0 robe (worn)
 c - a +1 cloak (worn)
Jewellery
 g - a ring of see invisible (left hand)
Scrolls
 f - a scroll of identify


   Skills:
 + Level 1.7 Fighting
 + Level 2.2 Short Blades
 + Level 1.8 Throwing
 + Level 1.2 Dodging
 + Level 7.9 Stealth


You had 2 spell levels left.
You didn't know any spells.
Your spell library was empty.

Dungeon Overview and Level Annotations

Branches:
Dungeon (2/15)

Altars:


Innate Abilities, Weirdness & Mutations

You do not eat.
You do not regenerate when monsters are visible.
You are frail without blood (-20% HP).
You can heal yourself when you bite living creatures.
You are immune to poison.
You have razor-sharp teeth.
You have supernaturally acute eyesight. (SInv)
You can survive without breathing.
You have a pair of small horns on your head.
You are partially covered in thin metallic scales. (AC +2)
[You are very frail. (-20% HP)]


Message History

You hit the leopard gecko. You headbutt the leopard gecko.
Your bite misses the leopard gecko.
The leopard gecko is almost dead.
The leopard gecko bites you but does no damage.
You hit the leopard gecko.
You kill the leopard gecko!
The worm bites you!
Ouch! That really hurt!
* * * LOW HITPOINT WARNING * * *
You hit the worm. You bite the worm.
The worm is heavily wounded.
You hit the worm.
The worm is heavily wounded.
The worm barely misses you.
You hit the worm.
The worm is severely wounded.
You hit the worm. Your headbutt misses the worm.
The worm is almost dead.
The worm bites you.
You die...

..........#. #.##########
#..........# #.#........#
............#.#.#........#
#......%....#.)..........##
#...........#.............#
#.............#.#..).......
#..........####.#...(....#.
#####........w.##
#.####.#...##
#.............@.###.# #.#...#
#....#..........†(..####.....#
#....#.....<....).(..........#
#.......%......†(...####.#....
###.....)........(## #.####.
#........)......# .#
####............# .#
###..........# .# #..........#
..


You could see a worm.

Vanquished Creatures
  An adder (D:2)
  An ooze (D:2)
  3 leopard geckos
  3 giant cockroaches
  5 hobgoblins (D:1)
  2 ball pythons (D:2)
  5 bats (D:1)
  3 frilled lizards
  6 goblins
  5 kobolds
  3 rats
37 creatures vanquished.

Notes
Turn   | Place    | Note
-------+----------+-------------------------------------------
     0 | D:1      | Tag the Vampire Assassin began the quest for the Orb.
     0 | D:1      | Reached XP level 1. HP: 16/16 MP: 1/1
    36 | D:1      | Reached skill level 6 in Stealth
    60 | D:1      | Reached XP level 2. HP: 8/17 MP: 2/2
   303 | D:1      | Reached skill level 7 in Stealth
   306 | D:1      | Gained mutation: [You are very frail. (-20% HP)] [potion of
                  | mutation]
   306 | D:1      | Gained mutation: You have a pair of small horns on your
                  | head. [potion of mutation]
   306 | D:1      | Gained mutation: You are partially covered in thin metallic
                  | scales. (AC +2) [potion of mutation]
   644 | D:2      | Reached XP level 3. HP: 16/16 MP: 3/3
   715 | D:2      | Slain by a worm

Levels and vault maps discovered:
D:1:      wheals_arrival_shading, layout_basic, minmay_tall_x
D:2:      layout_rooms, uniq_terence

Table legend:
 A = Non-vault XP
 B = Vault XP
 C = Vault XP percentage of total XP
 D = Non-vault monster count
 E = Vault monster count
 F = Vault count percentage of total count
                 A         B        C        D         E       F
            +---------+---------+-------+---------+---------+-------
      Total |      70 |       8 |  10.3 |      33 |       4 |  10.8
            +---------+---------+-------+---------+---------+-------
        D:1 |      32 |       8 |  20.0 |      20 |       4 |  16.7
        D:2 |      38 |       0 |   0.0 |      13 |       0 |   0.0
            +---------+---------+-------+---------+---------+-------
